 Dungeon Crawl Stone Soup version 0.17.0-28-g6e173f8 (webtiles) character file.

133 septik the Insei (level 5, -3/49 HPs)
             Began as a Naga Monk on Nov 24, 2015.
             Slain by a river rat (4 damage)
             ... in a sewer.
             The game lasted 00:06:44 (2129 turns).

septik the Insei (Naga Monk)                        Turns: 2129, Time: 00:06:44

Health: -3/49      AC:  3    Str: 14    XL:     5   Next: 16%
Magic:  5/5        EV: 16    Int: 10    God:
Gold:   41         SH:  0    Dex: 19    Spells: 0 memorised, 4 levels left

rFire  . . .     SeeInvis +       - Unarmed
rCold  . . .     Clarity  .     a - +0 robe
rNeg   . . .     SustAt   .     (no shield)
rPois  +         Gourm    .     (no helmet)
rElec  .         Spirit   .     (no cloak)
rCorr  .         Warding  .     f - +0 pair of gloves
rMut   .         Stasis   .     (no barding)
MR     .....                    (no amulet)
Stlth  ++++......               (no ring)
                                (no ring)

@: agile, short of breath, very slow, not resistant to hostile enchantments,
stealthy
A: see invisible, deformed body, poison resistance, slowness 2, slow metabolism
1, spit poison 2, AC +1
a: Spit Poison


You were in a sewer.
You were not hungry.

You visited 1 branch of the dungeon, and saw 3 of its levels.
You also visited: Sewer.

You collected 41 gold pieces.

Inventory:

Missiles
 m - 139 stones (quivered)
 q - 4 needles of slowing
Armour
 a - a +0 robe (worn)
 f - a +0 pair of gloves (worn)
Scrolls
 e - a scroll of teleportation {unknown}
 j - 3 scrolls of identify {unknown}
 k - a scroll of magic mapping {unknown}
 n - a scroll of immolation {unknown}
 p - a scroll of remove curse {unknown}
 r - a scroll of enchant weapon {unknown}
Potions
 c - 2 potions of mutation {unknown}
 g - 2 potions of agility
 h - a potion of magic {unknown}
 o - a potion of cancellation {unknown}
Comestibles
 b - a bread ration
 d - 2 meat rations
 i - 3 chunks of flesh
 l - 2 fruits


   Skills:
 - Level 3.0 Fighting
 - Level 2.4 Dodging
 - Level 3.0 Stealth
 + Level 6.3 Unarmed Combat


You had 4 spell levels left.
You didn't know any spells.

Dungeon Overview and Level Annotations

Branches:
Dungeon (3/15)

Altars:


Innate Abilities, Weirdness & Mutations

You cannot wear boots.
Your serpentine skin is tough (AC +1).
You have supernaturally acute eyesight.
Armour fits poorly on your strangely shaped body.
Your system is resistant to poisons.
You cover ground very slowly.
You have a slow metabolism.
You can spit poison.


Message History

The river rat bites you.
* * * LOW HITPOINT WARNING * * *
The river rat barely misses you.
Press: ? - help, Shift-Dir - straight line, f - river rat
Aim: a river rat (water)
The splash of poison misses the river rat.
You feel slightly more hungry.
The river rat bites you but does no damage.
The river rat bites you.
* * * LOW HITPOINT WARNING * * *
You hit the river rat but do no damage. The river rat bites you.
* * * LOW HITPOINT WARNING * * *
The river rat barely misses you.
Drink which item? (? for menu, Esc to quit)
It was a potion of agility.
You feel agile all of a sudden. The river rat barely misses you.
The rat twitches its whiskers.
The river rat bites you.
You die...

#≈≈≈≈≈≈#
#≈≈≈≈
#≈≈≈≈≈≈#
#≈≈≈≈
#≈≈≈≈≈≈#
#≈≈≈≈
#≈≈≈≈≈≈#
#≈≈≈≈
#≈≈≈≈≈≈#
#≈≈≈≈
#≈≈≈≈≈≈#
#≈≈≈≈
#≈≈≈≈≈≈#
#≈≈≈≈
#≈≈≈≈≈≈#
#≈≈≈≈
#≈@r≈≈≈#
#≈≈≈≈
#≈r≈≈≈≈#
#≈≈≈≈
#≈≈r≈≈≈#
#≈≈≈≈
#≈≈r≈≈≈#
#≈≈≈≈
#≈≈≈r≈≈#
#≈≈≈≈
#≈≈≈r≈≈#
#≈≈≈≈
#≈≈≈≈≈≈#
#≈≈≈≈
#...≈≈≈#
#≈≈≈≈
#......#
#....


You could see 2 river rats and 4 rats.

Vanquished Creatures
  Ijyb (D:3)
  An adder (D:2)
  A gnoll (D:1)
  2 river rats (Sewer)
  A worm (D:3)
  An orc (D:3)
  10 hobgoblins
  7 kobolds
  A quokka (D:2)
  2 ball pythons (Sewer)
  6 bats
  7 giant cockroaches
  A giant gecko (D:3)
  3 giant newts (D:1)
  5 goblins
  19 rats
68 creatures vanquished.

Notes
Turn   | Place    | Note
--------------------------------------------------------------
     0 | D:1      | septik the Naga Monk began the quest for the Orb.
     0 | D:1      | Reached XP level 1. HP: 21/21 MP: 1/1
   202 | D:1      | Reached XP level 2. HP: 28/28 MP: 2/2
   670 | D:1      | Reached XP level 3. HP: 34/34 MP: 3/3
   808 | D:1      | Reached skill level 5 in Unarmed Combat
  1395 | D:2      | Reached XP level 4. HP: 38/42 MP: 4/4
  1795 | D:3      | Noticed Ijyb
  1821 | D:3      | Killed Ijyb
  1821 | D:3      | Reached skill level 6 in Unarmed Combat
  2013 | D:3      | Found a glowing drain.
  2020 | Sewer    | Entered a sewer
  2051 | Sewer    | Reached XP level 5. HP: 33/49 MP: 5/5
  2128 | Sewer    | HP: 1/49 [river rat (3)]
  2129 | Sewer    | Slain by a river rat

Action                   |  1- 3 |  4- 6 || total
-------------------------+-------+-------++-------
Melee: Unarmed           |   131 |    67 ||   198
 Abil: Spit Poison       |     3 |    17 ||    20
  Use: Potion            |       |     1 ||     1
 Stab: Sleeping          |     5 |     3 ||     8
  Eat: Chunk             |     1 |     3 ||     4
